[Event "Titled Tuesday Blitz February 21 Early 2023"]
[White "Hakobyan, Aram"]
[Black "Boros, Denes"]
[WhiteFideId "13306677"]
[BlackFideId "722340"]
[WhiteElo "2608"]
[BlackElo "2406"]
[Result "1-0"]
[Round "06"]
[TimeControl "180+2"]
[Date "2023.02.21"]
[WhiteClock "0:00:20"]
[BlackClock "0:00:22"]

1. d4 Nf6 2. Nf3 b6 3. c4 Bb7 4. g3 g6 5. Bg2 Bg7 6. O-O O-O 7. Qc2 d6 8. Nc3 Nbd7 9. e4 e5 10. Rd1 Re8 11. d5 Kh8 12. Rb1 Ng8 13. b4 Bh6 14. Ne1 Qe7 15. Nd3 Bxc1 16. Rdxc1 Ba6 17. Nb5 Bxb5 18. cxb5 Rac8 19. Bh3 Nh6 20. Qd2 Kg7 21. Rc6 f5 22. Rbc1 Nf6 23. exf5 Nxf5 24. Bxf5 gxf5 25. Qg5+ Kh8 26. Qxf5 Nxd5 27. Qe4 Qf7 28. Qc4 Rf8 29. Qe4 Rce8 30. R6c2 Re7 31. a3 Nf6 32. Qe2 Nd5 33. Qe4 Nf6 34. Qh4 Rfe8 35. Ne1 e4 36. Ng2 d5 37. Rc6 Rf8 38. Nf4 d4 39. Rxf6 Qxf6 40. Ng6+ Qxg6 41. Qxe7 Rf7 42. Qd8+ Kg7 43. Qxd4+ Qf6 44. Rc4 Qxd4 45. Rxd4 Re7 46. Kf1 Kf6 47. Ke2 Kf5 48. h3 Ke5 49. Ke3 Kf5 50. a4 h5 51. g4+ Kg6 52. Rxe4 Rd7 53. Re6+ Kf7 54. Rc6 h4 55. Ke4 Kg7 56. f4 Re7+ 57. Kf5 Rd7 58. g5 Rd5+ 59. Kg4 Rd6 60. Rxc7+ 1-0


[Site "https://www.chess.com"]

[Event "Titled Tuesday Blitz February 21 Early 2023"]
[White "Rustemov, Alexander"]
[Black "Lenderman, Aleksandr"]
[WhiteFideId "4119002"]
[BlackFideId "2021285"]
[WhiteElo "2525"]
[BlackElo "2572"]
[Result "0-1"]
[Round "06"]
[TimeControl "180+2"]
[Date "2023.02.21"]
[WhiteClock "0:00:03"]
[BlackClock "0:02:10"]

1. d4 e6 2. Nf3 c5 3. c4 cxd4 4. Nxd4 Nf6 5. e3 d5 6. Nc3 Bc5 7. cxd5 exd5 8. Be2 O-O 9. O-O Nc6 10. Nxc6 bxc6 11. b3 Bd6 12. Bb2 Qe7 13. Qc2 Ng4 14. h3 Qe5 15. g3 Nxe3 16. Qd2 Nxf1 17. Bxf1 Qh5 18. Kh2 Re8 19. Rd1 Bg4 20. Rc1 Bd7 21. Ne2 Bxh3 22. Qd4 Bxf1+ 0-1


[Site "https://www.chess.com"]

[Event "Titled Tuesday Blitz February 21 Early 2023"]
[White "Samsonkin, Artiom"]
[Black "Daneshvar, Bardiya"]
[WhiteFideId "13503111"]
[BlackFideId "12576468"]
[WhiteElo "2420"]
[BlackElo "2540"]
[Result "0-1"]
[Round "06"]
[TimeControl "180+2"]
[Date "2023.02.21"]
[WhiteClock "0:00:03"]
[BlackClock "0:01:07"]

1. e4 Nf6 2. Nc3 d5 3. exd5 Nxd5 4. Nge2 e5 5. g3 c5 6. Bg2 Nc7 7. O-O Be7 8. d3 O-O 9. f4 exf4 10. Nxf4 Nc6 11. Kh1 Nd4 12. Ncd5 Bd6 13. c3 Nde6 14. Nxc7 Nxc7 15. d4 cxd4 16. Qxd4 Ne6 17. Nxe6 Bxe6 18. Bxb7 Qc7 19. Bg2 Rad8 20. Bf4 Bxf4 21. Qxf4 Qxf4 22. Rxf4 Rd2 23. b4 Rc8 24. Rc1 Rxa2 25. c4 g6 26. c5 Rd8 27. Kg1 Rdd2 28. Bh1 Rxh2 29. c6 Rh3 30. Rf3 Bd5 31. Bg2 Rh2 32. Rf2 Rxg2+ 33. Rxg2 Rxg2+ 34. Kf1 Rh2 35. Rc5 Be6 36. c7 Kg7 37. Re5 Rc2 0-1


[Site "https://www.chess.com"]

[Event "Titled Tuesday Blitz February 21 Early 2023"]
[White "Alekseenko, Kirill"]
[Black "Galchenko, Matvey"]
[WhiteFideId "4135539"]
[BlackFideId "24175480"]
[WhiteElo "2686"]
[BlackElo "2438"]
[Result "1-0"]
[Round "06"]
[TimeControl "180+2"]
[Date "2023.02.21"]
[WhiteClock "0:00:53"]
[BlackClock "0:00:26"]

1. d4 Nf6 2. Nc3 d5 3. Bf4 a6 4. e3 b5 5. h4 h6 6. Bd3 Bb7 7. Nce2 Nbd7 8. Nf3 c5 9. c3 e6 10. h5 Qb6 11. Kf1 Ne4 12. a4 b4 13. a5 Qd8 14. cxb4 cxb4 15. Qa4 Nf6 16. Ne5 Rc8 17. g4 Be7 18. g5 hxg5 19. Bxg5 Kf8 20. h6 Nxe5 21. dxe5 Nd7 22. hxg7+ Kxg7 23. Rxh8 Qxh8 24. Bxe7 Qh3+ 25. Ke1 Nxe5 26. Nf4 Nxd3+ 27. Nxd3 Qh1+ 28. Kd2 Qxa1 29. Qxa1 1-0


[Site "https://www.chess.com"]

[Event "Titled Tuesday Blitz February 21 Early 2023"]
[White "Pichot, Alan"]
[Black "Erigaisi Arjun"]
[WhiteFideId "110973"]
[BlackFideId "35009192"]
[WhiteElo "2638"]
[BlackElo "2701"]
[Result "0-1"]
[Round "06"]
[TimeControl "180+2"]
[Date "2023.02.21"]
[WhiteClock "0:00:04"]
[BlackClock "0:00:04"]

1. e4 d6 2. d4 g6 3. Nc3 Bg7 4. Be3 a6 5. Qd2 b5 6. h4 h6 7. a4 b4 8. Nd5 a5 9. c3 e6 10. Nf4 bxc3 11. bxc3 Nf6 12. f3 O-O 13. Nd3 h5 14. Bg5 Qe8 15. Nh3 Nbd7 16. Bh6 Nb6 17. Qg5 Nh7 18. Qc1 e5 19. Bxg7 Kxg7 20. Ng5 Nxg5 21. hxg5 Nxa4 22. Be2 Nb6 23. O-O a4 24. dxe5 dxe5 25. c4 Ba6 26. Nc5 Bc8 27. Qc3 Qe7 28. Nd3 Qxg5 29. f4 Qe7 30. Nxe5 f6 31. Nd3 Ba6 32. Nb4 Qc5+ 33. Kh1 Bb7 34. e5 Rae8 35. Nd3 Qxc4 36. Qxc4 Nxc4 37. Rfc1 Ne3 38. Rxc7+ Rf7 39. Rxf7+ Kxf7 40. Rxa4 Bxg2+ 41. Kg1 Bh3 42. Ra7+ Re7 43. Ra6 Be6 44. Nc5 fxe5 45. fxe5 Bd5 46. Bd3 Rxe5 47. Bxg6+ Kg7 48. Kf2 Ng4+ 49. Kg3 Rg5 50. Be4 Nf6+ 51. Kf4 Rg4+ 52. Kf5 Bxe4+ 53. Nxe4 Nxe4 54. Ra7+ Kf8 55. Ra8+ Ke7 56. Ra7+ Kd6 57. Ra6+ Kc5 58. Rh6 Ng3+ 59. Ke5 h4 60. Rh8 Kc4 61. Rh7 Kd3 62. Ra7 Re4+ 63. Kd5 Ke3 64. Ra3+ Kf4 65. Ra8 Kf3 66. Rf8+ Rf4 67. Rh8 Kg4 68. Ke5 Rf5+ 69. Kd4 h3 70. Ke3 h2 0-1


[Site "https://www.chess.com"]

[Event "Titled Tuesday Blitz February 21 Early 2023"]
[White "Shimanov, Aleksandr"]
[Black "Urazayev, Arystanbek"]
[WhiteFideId "4198603"]
[BlackFideId "13709810"]
[WhiteElo "2581"]
[BlackElo "2460"]
[Result "1-0"]
[Round "06"]
[TimeControl "180+2"]
[Date "2023.02.21"]
[WhiteClock "0:00:18"]
[BlackClock "0:00:03"]

1. e4 c5 2. d4 cxd4 3. Qxd4 Nc6 4. Qd3 Nf6 5. Nc3 e6 6. Bf4 Bb4 7. O-O-O O-O 8. Nge2 d5 9. exd5 exd5 10. Nxd5 Nxd5 11. Qxd5 Be6 12. Qxd8 Raxd8 13. Rxd8 Rxd8 14. a3 Be1 15. Be3 Ne5 16. Nd4 Bd5 17. Be2 Ba5 18. f3 Nc4 19. Bf2 Bd2+ 20. Kb1 Be3 21. Bxe3 Nxe3 22. Rg1 f5 23. c3 Kf7 24. Kc1 Kf6 25. Kd2 Re8 26. g3 g5 27. Bd3 f4 28. gxf4 gxf4 29. h4 Re7 30. Rg5 Bc4 31. Be4 Nf1+ 32. Kc2 Ng3 33. Rg4 Ke5 34. Bd3 Bf7 35. Bxh7 Bh5 36. Rg5+ Kf6 37. Be4 Bf7 38. Rg4 Ke5 39. Bd3 a6 40. a4 Re8 41. a5 Rh8 42. Rg7 Kf6 43. Rg4 Ke5 44. Ne2 Nxe2 45. Bxe2 Be6 46. Rg5+ Kf6 47. Bd3 Rxh4 48. Rg6+ Ke5 49. c4 Rh2+ 50. Kc3 Rf2 51. Be4 Rf1 52. b3 Rc1+ 53. Kd2 Ra1 54. Bxb7 Rxa5 55. Rg5+ Kf6 56. Rxa5 1-0


[Site "https://www.chess.com"]

[Event "Titled Tuesday Blitz February 21 Early 2023"]
[White "Zemlyanskii, Ivan"]
[Black "Tang, Andrew"]
[WhiteFideId "24249971"]
[BlackFideId "2059630"]
[WhiteElo "2300"]
[BlackElo "2523"]
[Result "1-0"]
[Round "06"]
[TimeControl "180+2"]
[Date "2023.02.21"]
[WhiteClock "0:00:08"]
[BlackClock "0:00:18"]

1. d4 d5 2. Bf4 Nf6 3. e3 c5 4. c3 e6 5. Nf3 Bd6 6. Nbd2 O-O 7. Bd3 Bxf4 8. exf4 b6 9. Ne5 Ba6 10. Bxa6 Nxa6 11. O-O Nc7 12. Ndf3 Nce8 13. c4 Rc8 14. dxc5 Rxc5 15. Rc1 Nd6 16. cxd5 Rxd5 17. Qe2 Qa8 18. Nc6 Re8 19. Nfe5 Qb7 20. g3 h6 21. Rfd1 Rc8 22. Nb4 Rxd1+ 23. Rxd1 Nf5 24. Qf3 Qxf3 25. Nxf3 a5 26. Nd3 Ne4 27. Nde5 f6 28. Nd3 Kf7 29. Re1 Ned6 30. g4 Ne7 31. Nd4 h5 32. Rxe6 Rd8 33. Rxe7+ Kxe7 34. Nc6+ Kd7 35. Nxd8 Kxd8 36. gxh5 Kd7 37. Kg2 Ke6 38. Kf3 Nf5 39. Nc1 Kd5 40. Ne2 Nd6 41. Ng3 a4 42. Kg4 Ke6 43. Ne2 Nf5 44. Nc3 a3 45. bxa3 Nd4 46. Na4 b5 47. Nc3 Kd6 48. Ne4+ Ke6 49. Ng3 Nc2 50. Nf5 Nxa3 51. Nxg7+ Kf7 52. Nf5 Nb1 53. Nd4 Nc3 54. a3 Kg7 55. Kf5 Kf7 56. h6 Nd5 57. Nxb5 Ne7+ 58. Ke4 Kg6 59. a4 Nc6 60. Nd4 Na5 61. Nf5 Nb7 62. Kd5 Nd8 63. Ne7+ Kxh6 64. a5 1-0


[Site "https://www.chess.com"]

[Event "Titled Tuesday Blitz February 21 Early 2023"]
[White "Tabatabaei, M. Amin"]
[Black "Kukhmazov, Arsen"]
[WhiteFideId "12521213"]
[BlackFideId "24108260"]
[WhiteElo "2677"]
[BlackElo "2512"]
[Result "0-1"]
[Round "06"]
[TimeControl "180+2"]
[Date "2023.02.21"]
[WhiteClock "0:00:04"]
[BlackClock "0:00:06"]

1. d4 d5 2. c4 c6 3. Nf3 Nf6 4. e3 Bg4 5. h3 Bh5 6. Nc3 e6 7. g4 Bg6 8. Ne5 Nbd7 9. Nxg6 hxg6 10. Bg2 g5 11. a3 Bd6 12. Qe2 Nf8 13. e4 dxe4 14. Bxg5 Ng6 15. Nxe4 Bf4 16. Bxf6 gxf6 17. Rd1 Kf8 18. Qf3 Kg7 19. Kf1 f5 20. gxf5 exf5 21. Ng3 Qg5 22. d5 Rae8 23. d6 Nh4 24. Qd3 Re3 25. Qd4+ f6 26. Rg1 Rxg3 27. fxg3 Be3 28. gxh4 Qg3 29. Qxe3 Qxe3 30. d7 Rd8 31. Bxc6+ Kh6 32. Bxb7 Qf4+ 33. Kg2 Qxc4 34. Kh1 Qc7 35. Bc8 Qc6+ 36. Rg2 f4 37. Kh2 f3 38. Rf2 Qc7+ 39. Kh1 Qg3 40. Rh2 f2 41. Bb7 Rxd7 42. Rf1 Rd2 43. b4 f5 44. b5 f4 45. Bc6 f3 46. a4 Re2 47. b6 axb6 48. Bb5 Re1 49. Ba6 Qg1+ 0-1


[Site "https://www.chess.com"]

[Event "Titled Tuesday Blitz February 21 Early 2023"]
[White "Demchenko, Anton"]
[Black "Kislinsky, Alexey"]
[WhiteFideId "4160258"]
[BlackFideId "14108801"]
[WhiteElo "2623"]
[BlackElo "2357"]
[Result "1-0"]
[Round "06"]
[TimeControl "180+2"]
[Date "2023.02.21"]
[WhiteClock "0:00:51"]
[BlackClock "0:00:03"]

1. e4 c5 2. Nc3 Nc6 3. Bb5 Nd4 4. a4 g6 5. Nf3 Bg7 6. d3 a6 7. Bc4 d6 8. Nxd4 cxd4 9. Ne2 Qb6 10. a5 Qc5 11. O-O Nf6 12. b4 Qc7 13. Bb3 O-O 14. h3 d5 15. exd5 Rd8 16. Bf4 Qd7 17. d6 Nh5 18. Bh2 exd6 19. Ng3 Nxg3 20. fxg3 Rf8 21. Qf3 Be5 22. g4 Qc6 23. Bxe5 dxe5 24. Rae1 Qxf3 25. Rxf3 Bd7 26. Rxe5 Bc6 27. Rf6 Rad8 28. Re7 Rd7 29. Rxd7 Bxd7 30. Rd6 Bc6 31. Rxd4 Re8 32. Kf2 Kg7 33. g5 h6 34. Rf4 hxg5 35. Rxf7+ Kh6 36. g4 Re5 37. Rc7 Rb5 38. Bg8 1-0


[Site "https://www.chess.com"]

[Event "Titled Tuesday Blitz February 21 Early 2023"]
[White "Golubka, Petro"]
[Black "Terry, Renato"]
[WhiteFideId "14114224"]
[BlackFideId "3803457"]
[WhiteElo "2371"]
[BlackElo "2520"]
[Result "0-1"]
[Round "06"]
[TimeControl "180+2"]
[Date "2023.02.21"]
[WhiteClock "0:00:13"]
[BlackClock "0:01:19"]

1. e4 g6 2. d4 Bg7 3. Nc3 c6 4. Be3 d5 5. Qd2 b5 6. a3 a6 7. h4 h5 8. Nf3 e6 9. Bd3 Nd7 10. exd5 cxd5 11. Ng5 Ngf6 12. f3 Nb6 13. Ne2 Nc4 14. Qc1 Nxe3 15. Qxe3 Bh6 16. c3 Nh7 17. f4 Nf6 18. Qf3 Bd7 19. g3 a5 20. O-O Rb8 21. b4 O-O 22. Kg2 Bg7 23. Rfc1 Bc6 24. Qe3 Ng4 25. Qd2 Nf6 26. Qe3 Qd7 27. Nf3 Ba8 28. Ne5 Qc7 29. Rab1 Ne4 30. g4 hxg4 31. Nxg4 Qe7 32. Qh3 f5 33. Nh2 Kf7 34. Nf3 Rh8 35. Rh1 Bf6 36. Qh2 Qc7 37. Rbc1 Rh6 38. Ng5+ Ke7 39. Bxe4 dxe4 40. Kg3 Rbh8 41. c4 Bxg5 0-1


[Site "https://www.chess.com"]

[Event "Titled Tuesday Blitz February 21 Early 2023"]
[White "Zhigalko, Sergei"]
[Black "Fernandez Guillen, Ernesto J."]
[WhiteFideId "13502956"]
[BlackFideId "3512428"]
[WhiteElo "2572"]
[BlackElo "2477"]
[Result "0-1"]
[Round "06"]
[TimeControl "180+2"]
[Date "2023.02.21"]
[WhiteClock "0:00:01"]
[BlackClock "0:00:07"]

1. e4 e5 2. Nf3 Nc6 3. Bc4 g6 4. d4 exd4 5. Nxd4 Bg7 6. Nxc6 bxc6 7. O-O Ne7 8. Nc3 O-O 9. Re1 d6 10. Bb3 Be6 11. Bg5 h6 12. Be3 a5 13. Qd2 Kh7 14. Rad1 Qb8 15. Bd4 Bxd4 16. Qxd4 c5 17. Qd3 a4 18. Bxe6 fxe6 19. b3 axb3 20. axb3 Nc6 21. Ne2 Qd8 22. f4 Qf6 23. Rf1 Nb4 24. Qd2 Ra2 25. e5 Qf5 26. exd6 Rxc2 27. Qe1 Qe4 28. dxc7 Rxe2 29. Rd7+ Kg8 30. Qg3 Nd5 31. f5 g5 32. f6 Ne3 0-1


[Site "https://www.chess.com"]

[Event "Titled Tuesday Blitz February 21 Early 2023"]
[White "Dehtiarov, Roman"]
[Black "Chigaev, Maksim"]
[WhiteFideId "14186640"]
[BlackFideId "4108116"]
[WhiteElo "2289"]
[BlackElo "2628"]
[Result "0-1"]
[Round "06"]
[TimeControl "180+2"]
[Date "2023.02.21"]
[WhiteClock "0:00:05"]
[BlackClock "0:00:22"]

1. e4 c5 2. Nc3 e6 3. f4 a6 4. Nf3 Nc6 5. g3 d5 6. e5 h5 7. Bg2 h4 8. O-O hxg3 9. hxg3 Nh6 10. Ne2 Nf5 11. d3 d4 12. Qe1 Nb4 13. Qd1 Nd5 14. Rf2 Nde3 15. Bxe3 Nxe3 16. Qd2 Nxg2 17. Rxg2 b5 18. Ng5 Bb7 19. Ne4 f5 20. exf6 gxf6 21. g4 f5 22. gxf5 exf5 23. Ng5 Bxg2 24. Kxg2 Qd5+ 25. Kg3 Bd6 26. Ng1 O-O-O 27. N1f3 Rde8 28. Re1 Rhg8 29. Rxe8+ Rxe8 30. Qa5 Kb7 31. c4 Qc6 32. cxb5 axb5 33. Nf7 Bc7 34. Qd2 Re3 35. Ng5 Qd6 36. Nh3 Qg6+ 37. Kf2 Rxf3+ 38. Kxf3 Qg4+ 39. Kf2 Qxh3 40. Qc1 Qh4+ 41. Kg1 Qg3+ 42. Kh1 Bxf4 43. Qc2 Qh3+ 0-1


[Site "https://www.chess.com"]

[Event "Titled Tuesday Blitz February 21 Early 2023"]
[White "Fiorito, Joaquin"]
[Black "Ter-Sahakyan, Samvel"]
[WhiteFideId "180173"]
[BlackFideId "13302531"]
[WhiteElo "2405"]
[BlackElo "2617"]
[Result "0-1"]
[Round "06"]
[TimeControl "180+2"]
[Date "2023.02.21"]
[WhiteClock "0:00:03"]
[BlackClock "0:00:37"]

1. d4 Nf6 2. Nc3 d5 3. Bf4 c5 4. e4 Nxe4 5. Bb5+ Nc6 6. Nxe4 dxe4 7. Ne2 e6 8. dxc5 Qxd1+ 9. Rxd1 Bxc5 10. Bxc6+ bxc6 11. Nc3 f5 12. Na4 Be7 13. Bd6 Bxd6 14. Rxd6 Ke7 15. Rxc6 Bd7 16. Rc4 Rab8 17. b3 Rhc8 18. Nc5 Bb5 19. Rc3 Kd6 20. b4 a5 21. a3 axb4 22. axb4 Bc6 23. Rb3 Bd5 24. Rb2 Ke7 25. Na4 Rc4 26. c3 Ra8 27. Ra2 Bc6 28. Nb6 Rxa2 0-1


[Site "https://www.chess.com"]

[Event "Titled Tuesday Blitz February 21 Early 2023"]
[White "Livaic, Leon"]
[Black "Leiva, Gianmarco"]
[WhiteFideId "14531534"]
[BlackFideId "3804399"]
[WhiteElo "2579"]
[BlackElo "2392"]
[Result "1-0"]
[Round "06"]
[TimeControl "180+2"]
[Date "2023.02.21"]
[WhiteClock "0:00:10"]
[BlackClock "0:00:03"]

1. d4 Nf6 2. Bg5 d5 3. Bxf6 gxf6 4. e3 c5 5. c4 cxd4 6. exd4 Nc6 7. Nc3 dxc4 8. d5 Ne5 9. Bxc4 Nxc4 10. Qa4+ Bd7 11. Qxc4 Rg8 12. g3 f5 13. Nf3 Rc8 14. Qb3 Qb6 15. O-O Bg7 16. Qc2 Bf6 17. Rfe1 f4 18. Kg2 h5 19. Ne5 Qd6 20. Qh7 f3+ 21. Nxf3 Rh8 22. Ne4 Qb6 23. Nxf6+ Qxf6 24. Qe4 h4 25. Qe5 h3+ 26. Kg1 Rh6 27. Qxf6 Rxf6 28. Nd4 Rd6 29. Re5 Rc5 30. Rae1 Kd8 31. Rxe7 Rcxd5 32. Nf3 Rf6 33. R7e3 Bc6 34. Ne5 Bb5 35. b3 Rd2 36. Ng4 Rfd6 37. a4 Bc6 38. Ne5 Bd5 39. g4 Bg2 40. Nc4 R6d3 41. Nxd2 Rxd2 42. Re8+ Kd7 43. R8e7+ Kd6 44. Rxf7 Rb2 45. g5 Rxb3 46. g6 Rb4 47. Rf6+ Kd7 48. f3 Bxf3 1-0


[Site "https://www.chess.com"]

[Event "Titled Tuesday Blitz February 21 Early 2023"]
[White "Toktomushev, Teimur"]
[Black "Bacrot, Etienne"]
[WhiteFideId "14176726"]
[BlackFideId "605506"]
[WhiteElo "2239"]
[BlackElo "2667"]
[Result "0-1"]
[Round "06"]
[TimeControl "180+2"]
[Date "2023.02.21"]
[WhiteClock "0:00:01"]
[BlackClock "0:00:12"]

1. d4 Nf6 2. c4 e6 3. Nf3 d5 4. e3 b6 5. Nc3 Bb7 6. Bd3 Bd6 7. O-O O-O 8. b3 c5 9. Bb2 Nbd7 10. Rc1 Rc8 11. Qe2 Re8 12. Rfd1 Qe7 13. cxd5 exd5 14. Bf5 Rcd8 15. dxc5 bxc5 16. Bh3 d4 17. Nb5 Bb8 18. Nh4 g6 19. Qc4 a6 20. Na3 Nd5 21. Nf3 Ne5 22. Qxc5 Nxf3+ 23. gxf3 Qg5+ 24. Kf1 Bd6 25. Qxd4 Be5 26. Qd2 Nxe3+ 27. Qxe3 Qxe3 28. fxe3 Bxb2 29. Rxd8 Rxd8 30. Rc7 Bxf3 31. Nc4 Bf6 32. Kf2 Be4 33. Rc8 Kf8 34. Rxd8+ Bxd8 35. Bc8 a5 36. Bd7 Bc7 37. h3 h5 38. a3 Bd5 39. Nd2 Bd6 40. a4 Bb4 41. Nc4 Bc3 42. Bb5 g5 43. Bd7 Ke7 44. Bf5 Kf6 45. e4 Bb7 46. Kf3 Ba8 47. Ne3 Ke5 48. Nc4+ Kd4 49. Nd6 f6 50. Nb5+ Kd3 51. Kg3 Kd2 52. Kf3 Be5 53. Na7 Kc2 0-1


[Site "https://www.chess.com"]

[Event "Titled Tuesday Blitz February 21 Early 2023"]
[White "Paravyan, David"]
[Black "Maltsevskaya, Aleksandra"]
[WhiteFideId "4194985"]
[BlackFideId "24174041"]
[WhiteElo "2601"]
[BlackElo "2390"]
[Result "1-0"]
[Round "06"]
[TimeControl "180+2"]
[Date "2023.02.21"]
[WhiteClock "0:00:31"]
[BlackClock "0:00:01"]

1. e4 c5 2. Nf3 e6 3. d4 cxd4 4. Nxd4 Nf6 5. Bd3 Nc6 6. Nxc6 bxc6 7. Bf4 d5 8. Nd2 Bc5 9. O-O O-O 10. e5 Nd7 11. Qh5 g6 12. Qh6 f5 13. Nf3 a5 14. Rac1 a4 15. c3 Ba6 16. Bxa6 Rxa6 17. c4 Qe7 18. Bg5 Qg7 19. Qh3 Be7 20. Bh6 Qf7 21. Bxf8 Qxf8 22. cxd5 cxd5 23. Rc7 Nc5 24. Rc1 Rb6 25. Ng5 h6 26. Rxe7 Qxe7 27. Qxh6 Rxb2 28. Qxg6+ Qg7 29. Qe8+ Qf8 30. Qh5 Qe7 31. h4 Nd7 32. Rc8+ 1-0


[Site "https://www.chess.com"]

[Event "Titled Tuesday Blitz February 21 Early 2023"]
[White "Bluebaum, Matthias"]
[Black "Horvath, Dominik"]
[WhiteFideId "24651516"]
[BlackFideId "1642561"]
[WhiteElo "2669"]
[BlackElo "2523"]
[Result "1-0"]
[Round "06"]
[TimeControl "180+2"]
[Date "2023.02.21"]
[WhiteClock "0:01:27"]
[BlackClock "0:00:52"]

1. d4 Nf6 2. c4 e6 3. Nc3 d5 4. cxd5 exd5 5. Bf4 Bd6 6. Bxd6 Qxd6 7. e3 Bf5 8. Qf3 Bg4 9. Qg3 Qxg3 10. hxg3 c6 11. Bd3 Nbd7 12. f3 Be6 13. g4 O-O-O 14. g5 Ng8 15. Rxh7 Rxh7 16. Bxh7 Ne7 17. Bd3 c5 18. Nge2 Kb8 19. Kf2 a6 20. dxc5 Nxc5 21. Bc2 Nc6 22. Rd1 Nb4 23. Bb1 Nc6 24. Nd4 Nxd4 25. Rxd4 Kc7 26. f4 g6 27. Kf3 Kc6 28. g4 Rh8 29. f5 Bd7 30. Nxd5 Rh2 31. fxg6 fxg6 32. Bxg6 Ne6 33. Ne7+ Kc7 34. Rc4+ Kd6 35. Nc8+ Ke5 36. Re4+ Kd5 37. Nb6+ Kd6 38. Kg3 Rxb2 39. Nxd7 1-0


[Site "https://www.chess.com"]

[Event "Titled Tuesday Blitz February 21 Early 2023"]
[White "Deac, Bogdan-Daniel"]
[Black "Matinian, Nikita"]
[WhiteFideId "1226380"]
[BlackFideId "24129100"]
[WhiteElo "2700"]
[BlackElo "2407"]
[Result "1-0"]
[Round "06"]
[TimeControl "180+2"]
[Date "2023.02.21"]
[WhiteClock "0:00:07"]
[BlackClock "0:00:03"]

1. d4 d6 2. e4 g6 3. c4 Bg7 4. Nc3 Nc6 5. Be3 e5 6. d5 Nce7 7. Qd2 f5 8. f3 a6 9. Nge2 Nf6 10. Nc1 O-O 11. Be2 c5 12. a4 f4 13. Bf2 g5 14. h3 h5 15. Qd1 a5 16. Nd3 b6 17. h4 g4 18. g3 gxf3 19. Bxf3 Ng4 20. gxf4 exf4 21. Rg1 Ng6 22. Bxg4 Bxg4 23. Rxg4 hxg4 24. Qxg4 Qf6 25. h5 Ne5 26. Nxe5 dxe5 27. Bh4 Qd6 28. Nb5 Qh6 29. Nc7 Ra7 30. Ne6 Qh7 31. Qf3 Re8 32. O-O-O Rf7 33. Rg1 Kh8 34. Ng5 Qg8 35. Nxf7+ Qxf7 36. Rg6 Kh7 37. Kd2 Bh6 38. Ke2 Rg8 39. Rxg8 Qxg8 40. Qh3 f3+ 41. Kxf3 Qg1 42. Qf5+ Kg8 43. Qg6+ Qxg6 44. hxg6 1-0


[Site "https://www.chess.com"]

[Event "Titled Tuesday Blitz February 21 Early 2023"]
[White "Korobov, Anton"]
[Black "Cherniaiev, Tykhon"]
[WhiteFideId "14105730"]
[BlackFideId "14182360"]
[WhiteElo "2664"]
[BlackElo "2330"]
[Result "1-0"]
[Round "06"]
[TimeControl "180+2"]
[Date "2023.02.21"]
[WhiteClock "0:00:23"]
[BlackClock "0:00:06"]

1. d4 Nf6 2. c4 e6 3. Nc3 d5 4. cxd5 exd5 5. Bg5 Be7 6. e3 O-O 7. Bd3 c6 8. Qc2 h6 9. Bf4 Be6 10. h3 Nbd7 11. Nf3 Rc8 12. O-O Re8 13. Rad1 Nf8 14. Ne5 c5 15. Bb5 N8d7 16. dxc5 Rxc5 17. Qa4 a6 18. Nxd7 axb5 19. Nxf6+ Bxf6 20. Qb4 Rc4 21. Qxb5 Bxc3 22. bxc3 Rxc3 23. Qxb7 Qa8 24. Qb2 Rec8 25. Rd2 d4 26. Rxd4 Qxa2 27. Qxa2 Bxa2 28. g4 Rc1 29. Rxc1 Rxc1+ 30. Kg2 Be6 31. f3 Rc4 32. Rd8+ Kh7 33. h4 Ra4 34. h5 Rc4 35. Kg3 Ra4 36. Be5 Rc4 37. Bd4 Rc8 38. Rd6 Rc1 39. Rb6 Rg1+ 40. Kf4 Rf1 41. e4 Bc4 42. Rb7 Be2 43. Ke3 Bc4 44. Rc7 Be6 45. Be5 Rb1 46. f4 Rb3+ 47. Kd2 Rb4 48. f5 Rxe4 49. fxe6 Rxe5 50. exf7 Rd5+ 51. Ke3 Rd8 52. Kf4 Rf8 53. Ke5 Kh8 54. Ke6 Kh7 55. Ke7 Ra8 56. f8=Q Rxf8 57. Kxf8 Kh8 58. Kf7 Kh7 59. Rc6 Kh8 60. Rg6 Kh7 61. Rxg7+ Kh8 62. Rg6 Kh7 63. Rf6 Kh8 64. Rxh6# 1-0


[Site "https://www.chess.com"]

[Event "Titled Tuesday Blitz February 21 Early 2023"]
[White "Sokolovsky, Yahli"]
[Black "Bortnyk, Mykola"]
[WhiteFideId "2820242"]
[BlackFideId "14120836"]
[WhiteElo "2461"]
[BlackElo "2425"]
[Result "0-1"]
[Round "06"]
[TimeControl "180+2"]
[Date "2023.02.21"]
[WhiteClock "0:00:17"]
[BlackClock "0:00:48"]

1. b3 Nf6 2. Bb2 g6 3. d4 Bg7 4. Nf3 O-O 5. e3 d5 6. Be2 Nbd7 7. O-O c6 8. Nbd2 Ne4 9. Nxe4 dxe4 10. Nd2 f5 11. c4 Nf6 12. f3 Qc7 13. f4 Be6 14. Qc2 Rad8 15. Rac1 Kh8 16. Rfd1 h6 17. Nf1 g5 18. g3 Rg8 19. Qb1 Bf7 20. d5 cxd5 21. cxd5 Qb6 22. Bd4 Qd6 23. Bc5 Qb8 24. Bxe7 Rxd5 25. Bc4 Rxd1 26. Rxd1 Bxc4 27. bxc4 gxf4 28. exf4 Qc7 29. Qb4 a5 30. Qd6 Qxd6 31. Rxd6 Ne8 32. Rb6 Bd4+ 0-1


[Site "https://www.chess.com"]

[Event "Titled Tuesday Blitz February 21 Early 2023"]
[White "Starozhilov, Leonid"]
[Black "Navara, David"]
[WhiteFideId "14106752"]
[BlackFideId "309095"]
[WhiteElo "2313"]
[BlackElo "2678"]
[Result "0-1"]
[Round "06"]
[TimeControl "180+2"]
[Date "2023.02.21"]
[WhiteClock "0:00:11"]
[BlackClock "0:00:05"]

1. e4 c6 2. d3 d5 3. Nf3 g6 4. Nbd2 Bg7 5. c3 e5 6. d4 exd4 7. cxd4 dxe4 8. Nxe4 Nf6 9. Nxf6+ Qxf6 10. Be2 O-O 11. O-O Bg4 12. Qb3 Qe7 13. Bc4 b5 14. Bd3 Bxf3 15. gxf3 Bxd4 16. Bf4 Qf6 17. Bh6 Re8 18. Be4 g5 19. Qd3 Be5 20. Bxg5 Qxg5+ 21. Kh1 Kh8 22. Rg1 Qh6 23. Rg2 Na6 24. Qd7 Rg8 25. Rag1 Rxg2 26. Rxg2 Nc5 27. Qxf7 Nxe4 28. fxe4 Rd8 29. Qb3 Qc1+ 30. Rg1 Qf4 31. Rg2 Qxe4 32. h3 Qf5 33. Kg1 Qh5 34. Rg4 Qf5 35. Kg2 a5 36. Qe3 Bg7 37. Rg5 Qf6 38. Rg4 Qe5 39. Qf3 Qd5 40. Re4 Rf8 41. Qe3 Re8 42. f3 Rxe4 43. fxe4 Qd4 44. Qf3 Qxb2+ 45. Kh1 Qa1+ 46. Kg2 Qb2+ 47. Kf1 Qb1+ 48. Kg2 Qxa2+ 49. Kf1 Qc4+ 50. Kg2 Qc2+ 51. Kf1 Qc1+ 52. Kg2 Qd2+ 53. Kf1 Qd8 54. Qg4 Qf8+ 55. Ke2 a4 56. Qe6 a3 57. Qxc6 a2 58. Qxb5 a1=Q 0-1


[Site "https://www.chess.com"]

[Event "Titled Tuesday Blitz February 21 Early 2023"]
[White "Yilmaz, Mustafa"]
[Black "Malek, Jan"]
[WhiteFideId "6302718"]
[BlackFideId "21864080"]
[WhiteElo "2641"]
[BlackElo "2370"]
[Result "1-0"]
[Round "06"]
[TimeControl "180+2"]
[Date "2023.02.21"]
[WhiteClock "0:00:46"]
[BlackClock "0:00:03"]

1. d4 d5 2. c4 e6 3. Nc3 Bb4 4. Qa4+ Nc6 5. Nf3 Ne7 6. Bd2 O-O 7. a3 Bxc3 8. Bxc3 b6 9. e3 Bb7 10. Be2 Qd6 11. Rc1 a6 12. O-O dxc4 13. Qxc4 Rac8 14. Rfd1 Rfd8 15. b4 Nd5 16. Bb2 Nf6 17. Bf1 a5 18. Ne5 Ne7 19. bxa5 bxa5 20. Qc5 a4 21. Qa5 Rb8 22. Qxc7 Bxg2 23. Bxg2 Rxb2 24. Qxd6 Rxd6 25. Nc4 Rdb6 26. Nxb6 Rxb6 27. Rc7 Kf8 28. Ra7 g5 29. Rc1 Nf5 30. Rxa4 Rb2 31. Ra7 Ng4 32. Rf1 Nh4 33. a4 Nxg2 34. h3 N4xe3 35. fxe3 Nxe3 36. Rfxf7+ Kg8 37. Rg7+ Kf8 38. Rxh7 Kg8 39. Rag7+ Kf8 40. Rb7 Rg2+ 41. Kh1 Kg8 42. Rhg7+ Kf8 43. Rgc7 1-0


[Site "https://www.chess.com"]